 Dungeon Crawl Stone Soup version 0.24.0-123-gd5b16e6ec5 (webtiles) character file.

Game seed: 2149488803146770541, levelgen mode: deterministic

641 Bergy the Basher (level 7, -12/52 HPs)
             Began as a Barachi Fighter on Jan 1, 2020.
             Blown up by Ijyb (18 damage)
             ... with a disintegration bolt
             ... on level 3 of the Dungeon.
             The game lasted 00:12:43 (4326 turns).

Bergy the Basher (Barachi Fighter)                  Turns: 4326, Time: 00:12:43

Health: -12/52     AC: 10    Str: 19    XL:     7   Next: 51%
Magic:  7/7        EV:  7    Int:  8    God:
Gold:   223        SH:  9    Dex: 12    Spells: 6/6 levels left

rFire    . . .     SeeInvis .   r - +0 whip (vamp)
rCold    . . .     Gourm    .   c - +0 shield
rNeg     . . .     Faith    .   b - +0 scale mail
rPois    +         Spirit   .   x - +2 helmet
rElec    .         Reflect  .   (no cloak)
rCorr    .         Harm     .   (no gloves)
MR       .....                  (no boots)
Stlth    ..........             (no amulet)
HPRegen  0.17/turn              (no ring)
MPRegen  0.10/turn              (no ring)

@: slow
A: +LOS, swims, talons 1, poison resistance, slowness 1, strong legs 1
a: Hop


You were on level 3 of the Dungeon.
You were hungry.

You visited 1 branch of the dungeon, and saw 3 of its levels.
You also visited: Sewer.

You collected 223 gold pieces.

Inventory:

Hand Weapons
 a - a +0 flail
 g - a cursed -1 flail
 r - a +0 vampiric whip (weapon)
Armour
 b - a +0 scale mail (worn)
 c - a +0 shield (worn)
 x - a +2 helmet (worn)
Jewellery
 p - a +2 amulet of reflection {unknown}
Wands
 m - a wand of enslavement (9)
 n - a wand of scattershot (6)
Scrolls
 d - a scroll of enchant weapon {unknown}
 h - 4 scrolls of teleportation
 i - 2 scrolls of identify {unknown}
 k - a scroll of fog {unknown}
 l - a scroll of magic mapping {unknown}
 v - a scroll of amnesia {unknown}
Potions
 e - 2 potions of mutation
 j - a potion of agility {unknown}
 q - 4 potions of curing {unknown}
 s - 2 potions of flight
 t - 4 potions of heal wounds {unknown}
 u - a potion of might
 w - 3 potions of brilliance {unknown}
Comestibles
 f - 3 rations


   Skills:
 - Level 3.6 Fighting
 * Level 9.0 Maces & Flails
 - Level 3.6 Armour
 - Level 3.2 Shields


You had 6 spell levels left.
You didn't know any spells.
Your spell library was empty.

Dungeon Overview and Level Annotations

Branches:
Dungeon (3/15)              Sewer (visited)

Altars:
Gozag
Sif Muna

Annotations:
D:3 Ijyb


Innate Abilities, Weirdness & Mutations

Shadows flee at your approach. (+LOS)
You can swim through water.
You cover ground slowly.
You can hop short distances.
You have sharp toenails.
Your system is resistant to poisons. (rPois)


Message History

Ijyb zaps a wand.
You struggle to resist.
You barely miss Ijyb.
Ijyb is severely wounded.
Ijyb screams, "Me stronger than you!" Ijyb hits you.
* * * LOW HITPOINT WARNING * * *
You closely miss Ijyb. Your kick misses Ijyb.
Ijyb is severely wounded.
Ijyb hits you but does no damage.
You barely miss Ijyb. Your kick misses Ijyb.
Ijyb is severely wounded.
Ijyb hits you but does no damage.
You hit Ijyb but do no damage. Your kick misses Ijyb.
Ijyb is severely wounded.
You block Ijyb's attack. Ijyb hits you but does no damage.
Your shield prevents you from hitting Ijyb.
Your kick misses Ijyb.
Ijyb is severely wounded.
Ijyb zaps a wand.
You are blasted!
You die...

.......#
#####........##
# #......# ..#
#.#.....## #
#.###### #.# #
##...## # #.#
#.# ##'## # #.#
... #.# # #.#
#.#######.### #
#.#
#.##........# #
#<#
#g##........#
..#
#@##.#####..#
### #.##.#
#..######
#.##.#
#........
#!..[#
#..######
####.#####..#
#.......##
#########


You could see Ijyb.

Vanquished Creatures
  Sigmund (D:2)
  3 big kobolds (Sewer)
  An orc priest (D:3)
  Robin (D:3)
  2 adders (D:2)
  7 river rats (Sewer)
  2 oozes
  4 worms
  A dart slug (D:1)
  4 leopard geckos
  11 orcs (D:3)
  7 ball pythons
  A bat (D:1)
  7 giant cockroaches
  15 goblins
  6 hobgoblins
  2 jackals (D:1)
  17 kobolds
  7 frilled lizards
  25 rats
124 creatures vanquished.

Notes
Turn   | Place    | Note
-------+----------+-------------------------------------------
     0 | D:1      | Bergy the Barachi Fighter began the quest for the Orb.
     0 | D:1      | Reached XP level 1. HP: 18/18 MP: 1/1
   173 | D:1      | Reached skill level 3 in Maces & Flails
   173 | D:1      | Reached XP level 2. HP: 24/24 MP: 2/2
   744 | D:2      | Reached XP level 3. HP: 17/29 MP: 3/3
   988 | D:2      | Reached skill level 4 in Maces & Flails
  1030 | D:2      | Found an opulent altar of Gozag.
  1169 | D:2      | Noticed Sigmund
  1189 | D:2      | HP: 1/29 [Sigmund/+0 scythe of freezing (1)]
  1194 | D:2      | Killed Sigmund
  1194 | D:2      | Reached skill level 6 in Maces & Flails
  1194 | D:2      | Reached XP level 4. HP: 1/36 MP: 4/4
  1194 | D:2      | Reached XP level 5. HP: 2/41 MP: 5/5
  1821 | D:2      | Found a shimmering blue altar of Sif Muna.
  2092 | D:3      | Reached XP level 6. HP: 38/47 MP: 6/6
  2350 | D:3      | Found a glowing drain.
  2386 | Sewer    | Entered a sewer
  2567 | Sewer    | Reached skill level 7 in Maces & Flails
  2930 | Sewer    | Gained mutation: You have sharp toenails. [potion of
                  | mutation]
  2930 | Sewer    | Gained mutation: Your system is resistant to poisons.
                  | (rPois) [potion of mutation]
  2942 | Sewer    | Reached skill level 8 in Maces & Flails
  2942 | Sewer    | Reached XP level 7. HP: 21/52 MP: 7/7
  3744 | D:3      | Noticed Robin
  3786 | D:3      | Killed Robin
  4056 | D:3      | Reached skill level 9 in Maces & Flails
  4302 | D:3      | Noticed Ijyb
  4326 | D:3      | Blown up by Ijyb

Levels and vault maps discovered:
D:1:      dpeg_arrival_rhombus, layout_basic
D:2:      layout_basic, led_sif_pool, grunt_gozag_breadcrumbs, uniq_sigmund
D:3:      layout_loops_corners, portal_sewer_entry_f, first_ration, uniq_ijyb,
          uniq_robin

Skill      XL: |  1  2  3  4  5  6  7 |
---------------+----------------------+-----
Maces & Flails | 3 6 8 9 |  9.0
Fighting       | |  3.6
Armour         | |  3.6
Shields        | |  3.2

Action                   |  1- 3 |  4- 6 |  7- 9 || total
-------------------------+-------+-------+-------++-------
Melee: Flail             |   120 |    88 |       ||   208
       Whip              |       |    76 |   200 ||   276
       Kick              |       |     5 |    59 ||    64
  Use: Potion            |     1 |     2 |       ||     3
       Scroll            |       |       |     1 ||     1
  Eat: Chunk             |     1 |     2 |     6 ||     9
       Ration            |       |     1 |       ||     1
Armor: Scale mail        |    51 |    56 |    45 ||   152
Dodge: Dodged            |    36 |    41 |    44 ||   121
Block: Shield            |    47 |    76 |    63 ||   186
